 Seeded DCSS version 0.32-a0-173-ga626bee (webtiles) character file.

Game seed: 7958703556259062592 (custom seed)

263 edsrzf the Ruffian (level 6, -1/51 HPs)
             Began as a Ghoul Enchanter on Feb 12, 2024.
             Was a Follower of Wu Jian.
             Slain by a gnoll bouda
             ... wielding a +0 whip
              (9 damage)
             ... on level 4 of the Dungeon.
             The game lasted 00:08:38 (3126 turns).

edsrzf the Ruffian (Ghoul Enchanter)                Turns: 3126, Time: 00:08:39

Health: -1/51      AC:  4    Str: 14    XL:     6   Next: 19%
Magic:  8/8        EV: 12    Int: 14    God:    Wu Jian [*.....]
Gold:   285        SH:  0    Dex:  9    Spells: 8/8 levels left

rFire   . .          .
                       - Unarmed
rCold   + + .        (no shield)
rNeg    + + +        b - +0 robe
rPois   ∞            (no helmet)
rElec   .            r - +1 cloak
rCorr   .            (no gloves)
SInv    +            (no boots)
Will    .....        l - amulet of magic regeneration
Stlth   ++           n - ring of protection from cold
HPRegen 0.00/turn    q - ring of see invisible
MPRegen 0.51/turn

%: no passive effects
@: weakened, inhibited regen, invisible
A: claws 1, cold resistance 1, negative energy resistance 3, inhibited
regeneration, torment resistance 2, devour on kill
a: Renounce Religion


You were on level 4 of the Dungeon.
You worshipped Wu Jian.
Wu Jian was aware of your devotion.
You visited 1 branch of the dungeon, and saw 4 of its levels.

You collected 285 gold pieces.

Inventory:

Hand Weapons
 a - a +1 dagger
Armour
 b - a +0 robe (worn)
 r - a +1 cloak (worn)
Jewellery
 l - an amulet of magic regeneration (around neck)
 n - a ring of protection from cold (left claw)
 q - a ring of see invisible (right claw)
Scrolls
 d - 2 scrolls of enchant armour {unknown}
 e - a scroll of fear {unknown}
 f - a scroll of acquirement {unknown}
 g - 3 scrolls of identify {unknown}
 h - 2 scrolls of revelation {unknown}
 i - a scroll of noise {unknown}
 j - a scroll of fog {unknown}
 m - a scroll of immolation {unknown}
 p - a scroll of brand weapon {unknown}
 s - a scroll of teleportation {unknown}
Potions
 k - a potion of haste {unknown}
 o - a potion of curing {unknown}


   Skills:
 + Level 3.2 Fighting
 - Level 0.8 Short Blades
 - Level 1.7 Dodging
 - Level 3.2 Stealth
 + Level 5.3 Unarmed Combat
 - Level 1.7 Spellcasting
 - Level 2.4 Hexes


You had 8 spell levels left.
You didn't know any spells.
Your spell library contained the following spells:

 Spells                   Type           Power      Damage    Failure   Level
 Ensorcelled Hibernation  Hex/Ice        8%         N/A       22%         2
 Necrotise                Necr           4%         1d4       24%         1
 Summon Small Mammal      Summ           4%         N/A       24%         1
 Confusing Touch          Hex            7%         N/A       26%         3
 Tukima's Dance           Hex            7%         N/A       26%         3
 Dazzling Flash           Conj/Hex       8%         N/A       41%         3
 Call Canine Familiar     Summ           1%         N/A       58%         3
 Gell's Gravitas          Tloc           1%         N/A       58%         3
 Teleport Other           Tloc           1%         N/A       58%         3
 Vampiric Draining        Necr           1%         2d6       58%         3
 Martyr's Knell           Necr/Summ      1%         N/A       94%         4
 Summon Blazeheart Golem  Fire/Summ      1%         N/A       94%         4
 Curse of Agony           Necr           1%         N/A       100%        5
 Dispersal                Tloc           0%         N/A       100%        6


Dungeon Overview and Level Annotations

Branches:
Dungeon (4/15)
 Temple: D:4-7

Altars:
Wu Jian

Annotations:
D:4 Blork the orc, Edmund


Innate Abilities, Weirdness & Mutations

You are immune to poison.
You have sharp fingernails.
Your flesh is cold resistant. (rC+)
You are immune to negative energy. (rN+++)
You do not regenerate when monsters are visible.
You are immune to unholy pain and torment.
You thrive by killing the living.


Message History

You barely miss the hobgoblin.
The hobgoblin is heavily wounded.
The hobgoblin hits you.
You claw the hobgoblin!
You kill the hobgoblin!
The Council accepts your kill.
You feel better.
You now have 285 gold pieces (gained 43).
Things that are here:
a +0 leather armour; a hobgoblin corpse
There is an open door here.
Things that are here:
a +0 leather armour; a hobgoblin corpse
There is an open door here.
Things that are here:
a +0 dagger; a +0 sling
There is an open door, spattered with blood here.
Things that are here:
a +0 dagger; a +0 dagger; a goblin corpse A gnoll bouda comes into view.
It is wielding a +0 whip.
The gnoll bouda shouts!
Search for what [? for help]? .
A gnoll comes into view. It is wielding a +0 spear.
Press: ? - help, v - describe, . - travel
Here: a gnoll, wielding a +0 spear (wandering, hasn't noticed you)
The floor.
Unknown command.
You start waiting.
A gnoll bouda is nearby!
You lunge at the gnoll bouda.
You barely miss the gnoll bouda. You claw the gnoll bouda.
The gnoll bouda is moderately wounded.
The gnoll bouda completely misses you.
You closely miss the gnoll bouda.
The gnoll bouda is moderately wounded.
The gnoll bouda hits you with a +0 whip.
You scratch the gnoll bouda.
The gnoll bouda is heavily wounded.
You scratch the gnoll bouda.
The gnoll bouda is severely wounded.
The gnoll bouda closely misses you.
You scratch the gnoll bouda but do no damage.
The gnoll bouda is severely wounded.
The gnoll bouda closely misses you.
You scratch the gnoll bouda but do no damage.
The gnoll bouda is severely wounded.
The gnoll bouda barks out a call to the hunt!
The gnoll picks up the pace!
The gnoll shouts!
You scratch the gnoll bouda.
The gnoll bouda is almost dead.
The gnoll hits you but does no damage.
The gnoll bouda gazes fiercely through you!
You feel your attacks grow feeble.
The gnoll bouda hits you with a +0 whip.
You completely miss the gnoll bouda.
The gnoll bouda is almost dead.
The gnoll hits you from afar with a +0 spear.
The gnoll bouda completely misses you.
You scratch the gnoll bouda but do no damage.
The gnoll bouda is almost dead.
The gnoll hits you from afar with a +0 spear.
The gnoll bouda gazes fiercely through you!
You feel as though you will be weak longer.
The gnoll bouda closely misses you.
You closely miss the gnoll bouda.
The gnoll bouda is almost dead.
The gnoll closely misses you.
The gnoll bouda mumbles some strange prayers to its god.
The gnoll bouda is healed somewhat.
Press: ? - help, v - describe, . - travel
Here: a gnoll bouda, wielding a +0 whip and wearing a +0 leather armour (severely wounded)
The floor, spattered with blood.
You scratch the gnoll bouda.
The gnoll bouda is almost dead.
The gnoll closely misses you.
The gnoll bouda prays to its god.
The gnoll bouda is healed somewhat.
You scratch the gnoll bouda but do no damage.
The gnoll bouda is heavily wounded.
The gnoll hits you from afar with a +0 spear.
The gnoll bouda hits you with a +0 whip.
You scratch the gnoll bouda.
The gnoll bouda is almost dead.
The gnoll misses you.
You scratch the gnoll bouda but do no damage.
The gnoll bouda is almost dead.
The gnoll bouda gazes fiercely through you!
You feel as though you will be weak longer.
The gnoll bouda hits you with a +0 whip!
You scratch the gnoll bouda but do no damage.
The gnoll bouda is almost dead.
The gnoll hits you from afar with a +0 spear.
The gnoll bouda hits you with a +0 whip!
* * * LOW HITPOINT WARNING * * *
You fade into invisibility!
The gnoll hits you from afar with a +0 spear.
* * * LOW HITPOINT WARNING * * *
The gnoll bouda hits you with a +0 whip!
You die...

..## #..## #...###
...... ##########
#...#
.........#######..#
#.........g..g..#
##.....######g########
#..###..# #@.......#
###.##.##.###
#.######.#
##...#...#...###.#
#..####'####.)##.#
#.##.#...#.##)...#
..#..'.[.'.))).###
#.##.#...#.##.##
#..####'####..#
#....#...#...##


You could see a gnoll bouda (unable to see you) and a gnoll (swift, unable to
see you).

Vanquished Creatures
  An orc priest (D:3)
  A sleepcap (D:4)
  Natasha (twice) (D:4)
  2 gnolls (D:4)
  4 adders
  2 ribbon worms
  3 dart slugs
  5 orcs (D:3)
  8 endoplasms
  2 giant cockroaches (D:4)
  10 goblins
  6 hobgoblins
  3 jackals (D:1)
  2 quokkas
  10 ball pythons
  7 bats
  4 frilled lizards
  3 kobolds
  7 rats
82 creatures vanquished.

Notes
Turn   | Place    | Note
-------+----------+-------------------------------------------
     0 | D:1      | edsrzf the Ghoul Enchanter began the quest for the Orb.
     0 | D:1      | Reached XP level 1. HP: 14/14 MP: 3/3
    92 | D:1      | Reached skill level 1 in Unarmed Combat
   189 | D:1      | Reached XP level 2. HP: 20/20 MP: 4/4
   224 | D:1      | Reached skill level 2 in Unarmed Combat
   930 | D:1      | Reached XP level 3. HP: 26/26 MP: 5/5
  1019 | D:2      | Reached skill level 3 in Unarmed Combat
  1647 | D:2      | Reached XP level 4. HP: 28/33 MP: 6/6
  1866 | D:3      | Reached skill level 4 in Unarmed Combat
  1887 | D:3      | Found an ornate altar of the Wu Jian Council.
  1940 | D:3      | Identified a potion of might
  1942 | D:3      | Reached skill level 1 in Fighting
  1970 | D:3      | Reached XP level 5. HP: 13/40 MP: 7/7
  2097 | D:3      | Became a worshipper of the Wu Jian Council
  2352 | D:3      | Reached skill level 2 in Fighting
  2567 | D:4      | Noticed Edmund
  2637 | D:4      | Noticed Natasha
  2645 | D:4      | Killed Natasha
  2646 | D:4      | Reached skill level 5 in Unarmed Combat
  2710 | D:4      | Noticed Blork the orc
  2838 | D:4      | Noticed Natasha
  2849 | D:4      | Killed Natasha
  2850 | D:4      | Reached skill level 3 in Fighting
  2850 | D:4      | Reached XP level 6. HP: 31/51 MP: 8/8
  3006 | D:4      | Reached * piety under Wu Jian
  3126 | D:4      | Slain by a gnoll bouda

Illustrated notes

Levels and vault maps discovered:
D:1:      wheals_arrival_shading, layout_basic
D:2:      layout_basic, dreamdust_princess_bridge
D:3:      layout_rooms, mainiacjoe_overflow_concentric_impassable
D:4:      cheibrodos_greedy_goblins, layout_loops_ring, uniq_blork_the_orc,
          uniq_edmund, uniq_natasha

Skill      XL: |  1  2  3  4  5 |
---------------+----------------+-----
Unarmed Combat | 1 2 3 4 5 |  5.3
Fighting       | 1 3 |  3.2
Short Blades   | |  0.8
Dodging        | |  1.7
Stealth        | |  3.2
Spellcasting   | |  1.7
Hexes          | |  2.4

Action                     |  1- 3 |  4- 6 || total
---------------------------+-------+-------++-------
  Melee: Unarmed           |   117 |   176 ||   293
         Punch             |       |     3 ||     3
Ability: Lunge             |       |    10 ||    10
    Use: Potion            |       |     3 ||     3
   Stab: Sleeping          |     5 |     3 ||     8
         Invisible         |       |     1 ||     1
 Armour: Robe              |    57 |    87 ||   144
  Dodge: Dodged            |    53 |    72 ||   125

Table legend: (Time is in decaauts)
 A = Elapsed time spent in this place.
 B = Non-inter-level travel time spent in this place.
 C = Inter-level travel time spent in this place.
 D = Time resting spent in this place.
 E = Time spent auto-exploring this place.
 F = Levels seen in this place.
 G = Mean time per level.
                   A        B        C        D        E       F      G
               +--------+--------+--------+--------+--------+-----+--------+
         Total |   3114 |   3064 |     50 |    525 |   1727 |   4 |  778.5 |
       Dungeon |   3114 |   3064 |     50 |    525 |   1727 |   4 |  778.5 |
               +--------+--------+--------+--------+--------+-----+--------+

Top non-repeatable levels by time:
     D:1: 993 daAuts
     D:2: 851 daAuts
     D:4: 648 daAuts
     D:3: 621 daAuts
